 Dungeon Crawl Stone Soup version 0.21-a0-321-g91e3373 (webtiles) character file.

228 nikopol the Shield-Bearer (level 6, -1/38 HPs)
             Began as a Gargoyle Fighter on Sept 30, 2017.
             Slain by a jackal (2 damage)
             ... on level 3 of the Dungeon.
             The game lasted 00:05:13 (2767 turns).

nikopol the Shield-Bearer (Gargoyle Fighter)        Turns: 2767, Time: 00:05:14

Health: -1/38      AC: 11    Str: 27    XL:     6   Next: 2%
Magic:  6/6        EV:  8    Int: 11    God:
Gold:   99         SH: 10    Dex:  9    Spells: 5/5 levels left

rFire    . . .     SeeInvis .   a - +0 flail
rCold    . . .     Gourm    .   c - +0 shield
rNeg     + . .     Faith    .   b - +0 scale mail
rPois    ∞         Spirit   .   (no helmet)
rElec    +         Reflect  .   (no cloak)
rCorr    .         Harm     .   (no gloves)
MR       .....                  (no boots)
Stlth    ..........             (no amulet)
HPRegen  0.12/turn              i - +3 ring of intelligence (curse)
MPRegen  0.10/turn              (no ring)

@: mighty
A: negative energy resistance 1, electricity resistance, unbreathing,
petrification resistance, rot immunity, AC +4
a: no special abilities


You were on level 3 of the Dungeon.
You were hungry.

You visited 1 branch of the dungeon, and saw 3 of its levels.

You collected 99 gold pieces.

Inventory:

Hand Weapons
 a - a +0 flail (weapon)
Armour
 b - a +0 scale mail (worn)
 c - a +0 shield (worn)
Jewellery
 i - a cursed +3 ring of intelligence (left hand)
Scrolls
 e - 3 scrolls of fog
 k - 3 scrolls of immolation {unknown}
 l - 2 scrolls of magic mapping {unknown}
 n - a scroll of teleportation {unknown}
 o - 6 scrolls of identify {unknown}
 p - 2 scrolls of remove curse {unknown}
 r - a scroll of enchant armour {unknown}
 s - a scroll of noise {unknown}
 t - a scroll of enchant weapon {unknown}
Potions
 d - 4 potions of might
 m - a potion of cancellation {unknown}
 q - a potion of haste {unknown}
 u - a potion of curing {unknown}
 v - a potion of agility {unknown}
Comestibles
 f - 5 bread rations
 g - 4 fruits
 h - 2 royal jellies
 j - a meat ration
 w - 5 chunks of flesh


   Skills:
 + Level 4.2 Fighting
 + Level 3.7 Maces & Flails
 + Level 4.1 Armour
 + Level 0.7 Dodging
 + Level 0.2 Stealth
 + Level 4.6 Shields


You had 5 spell levels left.
You didn't know any spells.

Dungeon Overview and Level Annotations

Branches:
Dungeon (3/15)

Altars:
Trog
The Shining One

Annotations:
D:3 aspa's ghost, amateur GnWn


Innate Abilities, Weirdness & Mutations

You are resistant to torment.
Your stone body is resilient. (AC +4)
You are immune to poison.
You resist negative energy. (rN+)
You are resistant to electric shocks. (rElec)
You can survive without breathing.
You are immune to petrification.
You are immune to rotting.


Message History

The jackal is severely wounded.
You are feeling hungry.
The jackal bites you but does no damage.
You block the jackal's attack. x2
The jackal bites you but does no damage. x4
You block the jackal's attack.
You sock the jackal!
You kill the jackal!
The jackal closely misses you. The jackal barely misses you.
You block the jackal's attack. x2
The jackal bites you but does no damage.
The jackal completely misses you. The jackal bites you.
* * * LOW HITPOINT WARNING * * *
The jackal closely misses you.
As you read the scroll labeled GOM YJ YFFEIR, it crumbles to dust.
The scroll dissolves into smoke.
It was a scroll of fog.
You block the jackal's attack.
The jackal bites you but does no damage.
The jackal bites you.
You die...

########. ..#
#.≈≈≈....# . $
..#+###≈≈....#
#########'#...#≈≈P...#
..........#.g.#≈≈....#
≈≈≈≈≈≈≈≈≈≈#####≈≈....#
≈≈≈≈≈≈≈≈≈≈≈≈≈≈≈≈≈....#
≈≈≈≈≈≈§)§≈§≈≈≈≈≈≈....#
..P...§hhh§.....P....#
....P..§@h...........#
######################


You could see 4 jackals.

Vanquished Creatures
  11 gnolls
  5 adders
  An ooze (D:1)
  3 worms
  A leopard gecko (D:2)
  An orc (D:3)
  4 giant cockroaches (D:2)
  11 goblins
  3 hobgoblins
  6 jackals (D:3)
  2 ball pythons
  6 bats
  2 frilled lizards
  8 kobolds
  3 rats
67 creatures vanquished.

Notes
Turn   | Place    | Note
-------+----------+-------------------------------------------
     0 | D:1      | nikopol the Gargoyle Fighter began the quest for the Orb.
     0 | D:1      | Reached XP level 1. HP: 14/14 MP: 1/1
    53 | D:1      | Reached XP level 2. HP: 20/20 MP: 2/2
   807 | D:2      | Reached XP level 3. HP: 23/24 MP: 3/3
   988 | D:2      | Reached XP level 4. HP: 9/29 MP: 4/4
  1263 | D:2      | Found a glowing golden altar of the Shining One.
  1398 | D:2      | Found a bloodstained altar of Trog.
  1944 | D:3      | Noticed aspa's ghost (amateur GnWn)
  2251 | D:3      | Reached XP level 5. HP: 28/33 MP: 5/5
  2747 | D:3      | Reached XP level 6. HP: 10/38 MP: 6/6
  2766 | D:3      | HP: 1/38 [jackal (2)]
  2767 | D:3      | Slain by a jackal

Vault maps used:
D:1:      sevenhm_arrival_forest_fort_small_3
D:2:      marbit_many_paths, lightli_temple_of_fire
D:3:      lemuel_castle_with_subvaults, first_bread, kennysheep_generic_room_8

Skill      XL: |  1  2  3  4  5 |
---------------+----------------+-----
Fighting       | 4 |  4.2
Maces & Flails | 3 |  3.7
Shields        | 4 |  4.6
Armour         | 4 |  4.1
Dodging        | |  0.7
Stealth        | |  0.2

Action                   |  1- 3 |  4- 6 || total
-------------------------+-------+-------++-------
Melee: Flail             |   101 |   175 ||   276
  Use: Scroll            |       |     1 ||     1
       Potion            |       |     1 ||     1
  Eat: Chunk             |       |     6 ||     6
Armor: Scale mail        |    62 |   119 ||   181
Dodge: Dodged            |    28 |    91 ||   119
Block: Shield            |    56 |   132 ||   188

Table legend:
 A = Spawn XP
 B = Non-spawn XP
 C = Spawn XP percentage of total XP
 D = Spawn monster count
 E = Non-spawn monster count
 F = Spawn count percentage of total count
 G = Total turns spent on level
                    A         B        C        D         E        F      G
               +---------+---------+-------+---------+---------+-------+---------
         Total |       0 |     326 |   0.0 |       0 |      67 |   0.0 |  2767
               +---------+---------+-------+---------+---------+-------+---------
           D:1 |       0 |      22 |   0.0 |       0 |      11 |   0.0 |   717
           D:2 |       0 |     121 |   0.0 |       0 |      31 |   0.0 |   926
           D:3 |       0 |     183 |   0.0 |       0 |      25 |   0.0 |  1124
               +---------+---------+-------+---------+---------+-------+---------
